 Dungeon Crawl Stone Soup version 0.29-a0-322-g68df515428 (webtiles) character file.

Game seed: 8309661359641033455

21 dianekeaton the Cudgeller (level 2, -6/26 HPs)
             Began as a Minotaur Fighter on Apr 8, 2022.
             Mangled by a gnoll
             ... wielding a +0 halberd
              (8 damage)
             ... on level 2 of the Dungeon.
             The game lasted 00:02:22 (753 turns).

dianekeaton the Cudgeller (Minotaur Fighter)         Turns: 753, Time: 00:02:22

Health: -6/26      AC:  8    Str: 20    XL:     2   Next: 62%
Magic:  1/1        EV:  5    Int:  5    God:
Gold:   61         SH:  0    Dex:  9    Spells: 1/1 levels left

rFire   . . .      SeeInvis .   a - +1 flail
rCold   . . .      Faith    .   c - +0 buckler
rNeg    . . .      Spirit   .   b - +0 scale mail
rPois   .          Reflect  .   (helmet restricted)
rElec   .          Harm     .   (no cloak)
rCorr   .          Rampage  .   (no gloves)
Will    .....                   g - +0 pair of boots
Stlth   ..........              (no amulet)
HPRegen 0.08/turn               (no ring)
MPRegen 0.07/turn               (no ring)

@: held
A: horns 2, retaliatory headbutt
a: no special abilities


You were on level 2 of the Dungeon.
You visited 1 branch of the dungeon, and saw 2 of its levels.

You collected 61 gold pieces.

Inventory:

Hand Weapons
 a - a +1 flail (weapon)
Missiles
 e - a throwing net (quivered)
Armour
 b - a +0 scale mail (worn)
 c - a +0 buckler (worn)
 g - a +0 pair of boots (worn)
 k - a +0 cloak
Scrolls
 i - a scroll of enchant weapon
 j - a scroll of fog {unknown}
Potions
 d - a potion of might
 f - a potion of attraction {unknown}
 h - a potion of brilliance {unknown}


   Skills:
 - Level 3.6 Fighting
 + Level 4.0 Maces & Flails
 - Level 3.6 Armour
 + Level 0.1 Dodging
 - Level 3.6 Shields


You had one spell level left.
You didn't know any spells.
Your spell library was empty.

Dungeon Overview and Level Annotations

Branches:
Dungeon (1/15)

Altars:


Innate Abilities, Weirdness & Mutations

You have a pair of horns on your head.
You reflexively headbutt those who attack you in melee.


Message History

Found a buckler.
The ball python hisses angrily.
The quokka closely misses you. You furiously retaliate!
You headbutt the quokka.
As you read the scroll labelled GIGGAL DIURHEM, it crumbles to dust.
It is a scroll of enchant weapon.
Your +0 flail glows red for a moment.
The quokka bites you but does no damage.
You sock the ball python!
You kill the ball python!
The gnoll closely misses you. The quokka bites you.
* * * LOW HITPOINT WARNING * * *
The quokka barely misses you. You block the quokka's attack.
The quokka bites you but does no damage.
The quokka bites you.
* * * LOW HITPOINT WARNING * * *
The quokka attacks as you move away! You block the quokka's attack.
The quokka attacks as you move away!
The quokka bites you but does no damage.
A quokka comes into view.
The quokka closely misses you. You furiously retaliate!
You headbutt the quokka. The quokka attacks as you move away!
You block the quokka's attack. The quokka closely misses you.
You furiously retaliate!
You headbutt the quokka!
You kill the quokka!
Your Maces & Flails skill increases to level 4!
The quokka attacks as you move away! You block the quokka's attack.
The gnoll throws a throwing net.
The throwing net hits you.
You become entangled in the net!
The gnoll hits you but does no damage.
Things that are here:
a throwing net; a +0 buckler You struggle against the net.
The quokka bites you but does no damage.
The gnoll hits you but does no damage. The gnoll barely misses you.
You furiously retaliate!
You headbutt the gnoll!
You struggle against the net.
The quokka bites you but does no damage.
The gnoll hits you from afar with a +0 halberd!
You die...

.##### .# ... .###
#.. :''## #.# ###+##
....# #.# .....#
....# #.# .....#
....# #.# .....#
....# ###.##.....#
....# ###..rr@.....#
##'## #....†g......#
##.# # #.....gg.....#
...# #.#........#####
...#####........g.#
.[.......?........#
##.............†..#
#.g.......###.#######
##..g...... #...ggg.#


You could see 4 gnolls and 2 quokkas.

Vanquished Creatures
  3 bats
  2 endoplasms (D:1)
  A giant cockroach (D:2)
  2 goblins (D:1)
  A hobgoblin (D:1)
  3 kobolds (D:1)
  3 quokkas
  A ball python (D:2)
  A frilled lizard (D:1)
17 creatures vanquished.

Notes
Turn   | Place    | Note
-------+----------+-------------------------------------------
     0 | D:1      | dianekeaton the Minotaur Fighter began the quest for the
                  | Orb.
     0 | D:1      | Reached XP level 1. HP: 19/19 MP: 0/0
   323 | D:1      | Reached skill level 3 in Maces & Flails
   345 | D:1      | Reached XP level 2. HP: 26/26 MP: 1/1
   610 | D:1      | You fall into a shaft and drop 1 floor!
   750 | D:2      | Reached skill level 4 in Maces & Flails
   753 | D:2      | Mangled by a gnoll

Illustrated notes

Levels and vault maps discovered:
D:1:      dpeg_arrival_shrine, layout_basic, kennysheep_decorative_pillar,
          hex_tiny, interstate_on_off, st_stairs_4
D:2:      layout_basic, uniq_robin, uniq_sigmund, uniq_natasha, uniq_terence

Skill      XL: |  1  2 |
---------------+-------+-----
Maces & Flails | 3 4 |  4.0
Fighting       | |  3.6
Armour         | |  3.6
Dodging        | |  0.1
Shields        | |  3.6

Action                   || total
-------------------------++-------
Melee: Flail             ||    29
       Headbutt          ||     2
Throw: Throwing net      ||     1
  Use: Scroll            ||     1
Armor: Scale mail        ||    48
Dodge: Dodged            ||    50
Block: Buckler           ||    25

Table legend: (Time is in decaauts)
 A = Elapsed time spent in this place.
 B = Non-inter-level travel time spent in this place.
 C = Inter-level travel time spent in this place.
 D = Time resting spent in this place.
 E = Time spent auto-exploring this place.
 F = Levels seen in this place.
 G = Mean time per level.
                   A        B        C        D        E       F      G
               +--------+--------+--------+--------+--------+-----+--------+
         Total |    761 |    761 |      0 |    163 |    291 |   2 |  380.5 |
       Dungeon |    761 |    761 |      0 |    163 |    291 |   2 |  380.5 |
               +--------+--------+--------+--------+--------+-----+--------+

Top non-repeatable levels by time:
     D:1: 617 daAuts
     D:2: 143 daAuts
